 Dungeon Crawl Stone Soup version 0.31-a0-983-g7b6862f502 (webtiles) character file.

Game seed: 10886414617341038427

504 Whiskey the Changeling (level 7, -14/43 HPs)
             Began as an Octopode Shapeshifter on Nov 3, 2023.
             Demolished by an ogre
             ... wielding a +0 giant club
              (15 damage)
             ... on level 4 of the Dungeon.
             The game lasted 00:05:51 (2662 turns).

Whiskey the Changeling (Octopode Shapeshifter)      Turns: 2662, Time: 00:05:51

Health: -14/43     AC:  1    Str: 15    XL:     7   Next: 17%
Magic:  7/7        EV: 13    Int: 13    God:
Gold:   186        SH:  0    Dex: 11    Spells: 6/6 levels left

rFire   . . .        v - +2 dagger (venom)
rCold   . . .        (no shield)
rNeg    . . .        (helmet currently unavailable)
rPois   +            (no amulet)
rElec   .            g - ring of poison resistance {rPois, !d}
rCorr   .            (no ring)
SInv    .            (no ring)
Will    .....        (no ring)
Stlth   ++           (no ring)
HPRegen 0.27/turn    (no ring)
MPRegen 0.10/turn    (no ring)
                     (no ring)

%: no passive effects
@: beast-form
A: beast (slay +4), almost no armour, amphibious, 8 rings, camouflage 1,
gelatinous body 1, (nimble swimmer 1), tentacles
a: Begin Untransformation


You were on level 4 of the Dungeon.
You were a hulking beast.
You visited 1 branch of the dungeon, and saw 5 of its levels.

You collected 186 gold pieces.

Inventory:

Hand Weapons
 v - a +2 dagger of venom (weapon)
   (You took it off an orc on level 5 of the Dungeon)
 w - a +0 short sword of holy wrath
   (You found it on level 5 of the Dungeon)
Jewellery
 g - a ring of poison resistance (left tentacle) {rPois, !d}
   (You found it on level 1 of the Dungeon)
Talismans
 b - a beast talisman
 c - a flux talisman
Wands
 s - a wand of charming (6)
   (You found it on level 3 of the Dungeon)
 u - a wand of digging (5)
   (You found it on level 3 of the Dungeon)
Scrolls
 d - a scroll of teleportation {unknown}
 e - a scroll of enchant armour {unknown}
 f - a scroll of noise {unknown}
 h - 4 scrolls of identify {unknown}
 i - a scroll of butterflies {unknown}
 j - 2 scrolls of enchant weapon {unknown}
 k - a scroll of poison {unknown}
 m - 2 scrolls of amnesia {unknown}
 n - a scroll of fog {unknown}
Potions
 a - a potion of lignification {!q}
 l - a potion of mutation {unknown}
 o - 2 potions of brilliance {unknown}
 p - 2 potions of cancellation {unknown}
 q - a potion of enlightenment {unknown}
 r - 2 potions of magic {unknown}
 t - a potion of heal wounds {unknown}


   Skills:
 - Level 1.0 Fighting
 - Level 2.0 Dodging
 - Level 3.0 Unarmed Combat
 * Level 7.4 Shapeshifting


You had 6 spell levels left.
You didn't know any spells.
Your spell library contained the following spells:

 Spells                   Type           Power      Damage    Failure   Level
 Necrotise                Necr           0%         1d4       30%         1
 Summon Small Mammal      Summ           0%         N/A       30%         1
 Call Canine Familiar     Summ           0%         N/A       67%         3
 Inner Flame              Hex/Fire       0%         N/A       67%         3
 Summon Guardian Golem    Hex/Summ       0%         N/A       67%         3
 Vampiric Draining        Necr           0%         2d6       67%         3
 Flame Wave               Conj/Fire      0%         2d4       97%         4
 Sticky Flame             Conj/Fire      0%         2d3       97%         4
 Agony                    Necr           0%         N/A       100%        5


Dungeon Overview and Level Annotations

Branches:
Dungeon (5/15)
 Temple: D:4-7

Altars:


Innate Abilities, Weirdness & Mutations

You are a hulking beast.
Your limbs bulge with bestial killing power. (Slay +4)
You cannot wear most types of armour.
You are amphibious.
You can wear up to eight rings at the same time.
Your skin changes colour to match your surroundings (Stealth+).
Your rubbery body absorbs attacks. (AC +1, EV +1)
((You are camouflaged when in or above water. (Stealth+)))
You have tentacles for arms and can constrict up to eight enemies at once.


Message History

You are too injured to fight recklessly!
There is an open door here.
The orc attacks as it pursues you! The orc barely misses you.
The orc attacks as it pursues you! The orc closely misses you.
The orc attacks as it pursues you! The orc closely misses you.
The orc attacks as it pursues you! The orc hits you with a +0 club.
* * * LOW HITPOINT WARNING * * *
You take 2 damage, and have 10/38 hp.
The orc attacks as it pursues you! The orc barely misses you.
The orc attacks as it pursues you! The orc barely misses you.
There is an open door here.
The orc attacks as it pursues you! The orc hits you with a +0 club.
* * * LOW HITPOINT WARNING * * *
You take 2 damage, and have 9/38 hp.
The orc attacks as it pursues you! The orc completely misses you.
The orc attacks as it pursues you! The orc barely misses you.
There is an open door here.
There is an open door here.
There is an open door here.
The orc attacks as it pursues you! The orc closely misses you.
The orc attacks as it pursues you! The orc hits you with a +0 club.
* * * LOW HITPOINT WARNING * * *
You take 3 damage, and have 11/38 hp.
The orc attacks as it pursues you! The orc hits you with a +0 club.
* * * LOW HITPOINT WARNING * * *
You take 5 damage, and have 6/38 hp.
The orc attacks as it pursues you! The orc closely misses you.
The orc attacks as it pursues you! The orc closely misses you.
There is a stone staircase leading down here.
The orc closely misses you.
You climb downwards.
There is a stone staircase leading up here.
You tentacle-slap the orc. You grab the orc.
You constrict the orc, but do no damage.
The orc hits you with a +0 club.
* * * LOW HITPOINT WARNING * * *
You take 1 damage, and have 7/38 hp.
You bludgeon the orc!
You kill the orc!
An orc comes into view. It is wielding a +2 dagger of venom.
The helpless howler monkey fails to defend itself.
You bludgeon the howler monkey! You grab the howler monkey.
You squeeze the howler monkey! You constrict the howler monkey.
You kill the howler monkey!
You closely miss the orc.
The orc shouts!
You grab the orc. You squeeze the orc!
You kill the orc!
You hear a bark!
You hear an angry growl.
A hound and a black bear come into view.
The black bear growls angrily.
You see here a +2 dagger of venom.
You see here a +2 dagger of venom.
v - a +2 dagger of venom Your +2 dagger of venom begins to drip with poison!
v - a +2 dagger of venom (weapon)
The hound closely misses you.
You puncture the hound!
The hound is poisoned.
You grab the hound. You squeeze the hound! You constrict the hound.
You kill the hound!
Your Shapeshifting skill increases to level 7!
You hit the black bear.
The black bear is poisoned.
Your grab misses the black bear. The black bear bites you!
* * * LOW HITPOINT WARNING * * *
The black bear claws you.
* * * LOW HITPOINT WARNING * * *
The black bear misses you.
You take 10 damage, and have 1/38 hp.
MASSIVE DAMAGE!!
You hit the black bear.
The black bear looks as sick as possible!
You grab the black bear. You squeeze the black bear!
You constrict the black bear.
The black bear goes berserk!
You hit the black bear but do no damage.
The black bear looks as sick as possible!
You constrict the black bear.
You kill the black bear!
You have reached level 7!
MP restored: 7 You start resting.
Health restored: 43 You see here a black bear corpse.
As you open the door, it creaks loudly!
Found a stone staircase leading down.
w - a +0 short sword of holy wrath You see here a black bear corpse.
There is a stone staircase leading up here.
You climb upwards.
The ogre barely misses you.
There is a stone staircase leading down here.
You puncture the ogre! Your squeeze misses the ogre.
The ogre hits you with a +0 giant club!!
You take 20 damage, and have 23/43 hp.
MASSIVE DAMAGE!!
You barely miss the ogre. You squeeze the ogre.
The ogre hits you with a +0 giant club!!
Ouch! That really hurt!
* * * LOW HITPOINT WARNING * * *
You take 22 damage, and have 1/43 hp.
MASSIVE DAMAGE!!
You are too injured to fight recklessly!
You puncture the ogre! You barely miss the ogre.
The ogre hits you with a +0 giant club!
You die...

#.............#...#...#.......#
+.......########+##...#.......#
#.......#.........#...#.......#
........#.........+...#.#...#.#
.########.........#...####.####
#....####'#...# #.#.#
#....#........####.####
##....#........#...#...#
#.....#.h......#..#.#..# ..
#.....'.O......####.#### ..
#.....#.............#
..#############.............#
....................#########
....................#
....................#
....................#
##.)................########


You could see an ogre.

Vanquished Creatures
  Sigmund (D:2)
  A black bear (D:5)
  A howler monkey (D:5)
  A hound (D:5)
  A sleepcap (D:4)
  An orc wizard (D:4)
  A gnoll (D:1)
  3 adders
  A shadow imp (D:4)
  2 worms (D:2)
  2 dart slugs
  15 orcs
  5 ball pythons
  3 giant cockroaches
  3 goblins
  5 hobgoblins
  4 jackals (D:3)
  2 quokkas
  9 bats
  5 frilled lizards
  4 kobolds
  3 rats
73 creatures vanquished.

Notes
Turn   | Place    | Note
-------+----------+-------------------------------------------
     0 | D:1      | Whiskey the Octopode Shapeshifter began the quest for the
                  | Orb.
     0 | D:1      | Reached XP level 1. HP: 13/13 MP: 1/1
   123 | D:1      | HP: 3/13 [gnoll/+0 club (4)]
   126 | D:1      | Reached XP level 2. HP: 5/18 MP: 2/2
   383 | D:1      | Reached XP level 3. HP: 23/23 MP: 3/3
   386 | D:1      | Reached skill level 4 in Shapeshifting
   575 | D:2      | Found a faded altar of an unknown god.
   879 | D:2      | Reached XP level 4. HP: 27/28 MP: 4/4
  1024 | D:2      | Noticed Sigmund
  1040 | D:2      | Killed Sigmund
  1041 | D:2      | Reached skill level 6 in Shapeshifting
  1041 | D:2      | Reached XP level 5. HP: 21/33 MP: 5/5
  1293 | D:3      | Reached XP level 6. HP: 35/38 MP: 6/6
  2101 | D:4      | HP: 2/38 [sleepcap (11)]
  2411 | D:4      | HP: 8/38 [orc/+0 club (4)]
  2432 | D:4      | HP: 9/38 [orc/+0 club (3)]
  2454 | D:4      | HP: 6/38 [orc/+0 club (5)]
  2461 | D:5      | Entered Level 5 of the Dungeon
  2462 | D:5      | HP: 7/38 [orc/+0 club (1)]
  2472 | D:5      | Noticed a black bear
  2478 | D:5      | Reached skill level 7 in Shapeshifting
  2478 | D:5      | HP: 3/38 [black bear (8)]
  2478 | D:5      | HP: 1/38 [black bear (2)]
  2480 | D:5      | Killed a black bear
  2481 | D:5      | Reached XP level 7. HP: 2/43 MP: 7/7
  2660 | D:4      | HP: 1/43 [ogre/+0 giant club (22)]
  2662 | D:4      | Demolished by an ogre

Illustrated notes

Levels and vault maps discovered:
D:1:      spicycebolla_green_bress_n_ham, layout_loops_ring
D:2:      layout_rooms, hellmonk_ecumenical_altar_crossroads, uniq_sigmund
D:3:      layout_loops_ring
D:4:      layout_gridville, mainiacjoe_overflow_brackets,
          minmay_temple_entry_trees, wad_rectangle_vault
D:5:      layout_basic, uniq_grinder

Skill      XL: |  1  2  3  4  5  6 |
---------------+-------------------+-----
Shapeshifting  | 4 6 7 |  7.4
Fighting       | |  1.0
Dodging        | |  2.0
Unarmed Combat | |  3.0

Action                     |  1- 3 |  4- 6 |  7- 9 || total
---------------------------+-------+-------+-------++-------
  Melee: Unarmed           |    55 |    81 |       ||   136
         Constrict         |    18 |    26 |       ||    44
         Tentacles         |    12 |    19 |     1 ||    32
         Punch             |     2 |     3 |       ||     5
         Dagger            |       |     4 |     4 ||     8
    Use: Potion            |       |     1 |       ||     1
   Stab: Sleeping          |     6 |     6 |       ||    12
         Distracted        |     1 |     1 |       ||     2
 Armour: Skin              |    22 |    50 |     3 ||    75
  Dodge: Dodged            |    22 |    63 |     1 ||    86

Table legend: (Time is in decaauts)
 A = Elapsed time spent in this place.
 B = Non-inter-level travel time spent in this place.
 C = Inter-level travel time spent in this place.
 D = Time resting spent in this place.
 E = Time spent auto-exploring this place.
 F = Levels seen in this place.
 G = Mean time per level.
                   A        B        C        D        E       F      G
               +--------+--------+--------+--------+--------+-----+--------+
         Total |   2654 |   2572 |     82 |    336 |   1743 |   5 |  530.8 |
       Dungeon |   2654 |   2572 |     82 |    336 |   1743 |   5 |  530.8 |
               +--------+--------+--------+--------+--------+-----+--------+

Top non-repeatable levels by time:
     D:3: 790 daAuts
     D:2: 624 daAuts
     D:1: 548 daAuts
     D:4: 495 daAuts
     D:5: 196 daAuts

Levels and vault maps discovered:
D:1:      spicycebolla_green_bress_n_ham, layout_loops_ring
D:2:      layout_rooms, hellmonk_ecumenical_altar_crossroads, uniq_sigmund
D:3:      layout_loops_ring
D:4:      layout_gridville, mainiacjoe_overflow_brackets,
          minmay_temple_entry_trees, wad_rectangle_vault
D:5:      layout_basic, uniq_grinder

Table legend: (Time is in decaauts)
 A = Elapsed time spent in this place.
 B = Non-inter-level travel time spent in this place.
 C = Inter-level travel time spent in this place.
 D = Time resting spent in this place.
 E = Time spent auto-exploring this place.
 F = Levels seen in this place.
 G = Mean time per level.
                   A        B        C        D        E       F      G
               +--------+--------+--------+--------+--------+-----+--------+
         Total |   2654 |   2572 |     82 |    336 |   1743 |   5 |  530.8 |
       Dungeon |   2654 |   2572 |     82 |    336 |   1743 |   5 |  530.8 |
               +--------+--------+--------+--------+--------+-----+--------+

Top non-repeatable levels by time:
     D:3: 790 daAuts
     D:2: 624 daAuts
     D:1: 548 daAuts
     D:4: 495 daAuts
     D:5: 196 daAuts

Table legend:
 A = Kills in this place as a percentage of kills in the entire game.
 B = Kills by you in this place as a percentage of kills by you in the entire game.
 C = Kills by friends in this place as a percentage of kills by friends in the entire game.
 D = Other kills in this place as a percentage of other kills in the entire game.
 E = Experience gained in this place as a percentage of experience gained in the entire game.
 F = Experience gained in this place divided by the number of levels of this place that you have seen.
                   A       B       C       D       E      F
               +-------+-------+-------+-------+-------+----------------------
         Total | 100.0 | 100.0 |   N/A |   N/A | 100.0 | 144.0
       Dungeon | 100.0 | 100.0 |   N/A |   N/A | 100.0 | 144.0
               +-------+-------+-------+-------+-------+----------------------
